Map: Crête de Lerilak

Players

zidar

  • Race: Zerg Zerg
  • League: Silver
  • Spawn Location: 5:00

eRazoRR - Winner!

  • Race: Zerg Zerg
  • League: Silver
  • Spawn Location: 7:00

VOD

Have the link to the VOD?

Description

Time

  • Played on: Dec. 6, 2015, 11:20 a.m.
  • Length: 11:56
Show
View Real Time Build Order
Export as new Build Order

zidar Zerg 

Build Orders: 1 Base Baneling Bust, Pool First 

Get SALT Encoding   

  12  0:01  Drone  
  13  0:08  Drone  
  13  0:13  Extractor  
  13  0:19  Overlord  
  14  0:23  Extractor  
  14  0:24  Drone  
  15  0:40  Spawning Pool  
  14  0:46  Extractor  
  13  1:02  Overlord  
  13  1:27  Queen  
  13  1:30  Zergling x6  
  18  1:43  Zergling x2  
  19  1:53  Zergling x2  
  19  1:54  Metabolic Boost  
  20  2:19  Zergling x4  
  22  2:41  Zergling x10  
  27  2:53  Baneling Nest  
  27  2:55  Drone  
  22  3:30  Zergling x8  
  22  3:51  Roach Warren  
  21  3:59  Zergling x2  
  21  4:00  Zergling x2  
  23  4:12  Zergling x4  
  22  4:35  Roach x3  
  28  4:57  Roach  
  29  5:10  Overlord  
  29  5:11  Overlord  
  29  5:37  Roach  
  29  5:38  Roach x5  
  41  5:57  Hatchery  
  31  6:28  Roach  
  31  6:29  Roach x3  
  37  6:51  Roach  
  37  6:52  Roach  
  25  7:17  Roach  
  25  7:18  Roach x2  
  29  7:32  Roach  
  25  7:51  Queen  
  25  7:55  Drone  
  28  8:02  Drone  
  29  8:09  Drone  
  31  8:12  Drone  
  31  8:21  Drone  
  31  8:23  Drone  
  33  8:28  Drone  
  34  9:01  Drone x7  
  41  9:18  Zergling x2  
  41  9:19  Zergling x4  
  44  9:29  Extractor  
  43  9:34  Overlord x2  
  43  9:35  Overlord  
  42  10:04  Evolution Chamber  
  42  10:07  Roach x9  
  59  10:33  Ravager  
  59  10:34  Ravager x2  
  59  10:35  Ravager  
  63  10:36  Ravager  
  63  10:37  Ravager  
  65  11:10  Roach  
  65  11:11  Roach x4  
Show
View Real Time Build Order
Export as new Build Order

eRazoRR Zerg - Winner!

Build Orders: Pool First 

Get SALT Encoding   

  12  0:01  Drone  
  13  0:08  Drone  
  14  0:28  Spawning Pool  
  14  0:30  Extractor  
  14  0:32  Drone  
  13  0:36  Drone  
  14  0:44  Overlord  
  14  1:03  Drone x2  
  16  1:06  Drone  
  17  1:17  Queen  
  19  1:20  Overlord  
  19  1:34  Metabolic Boost  
  19  1:37  Zergling x4  
  21  1:51  Roach Warren  
  20  2:00  Zergling x4  
  22  2:20  Hatchery  
  19  2:31  Zergling x4  
  21  2:40  Roach  
  21  2:42  Zergling x2  
  19  3:16  Roach  
  19  3:17  Roach x4  
  23  3:39  Drone x3  
  23  3:51  Drone x2  
  23  3:54  Queen  
  27  4:02  Drone x3  
  30  4:26  Hatchery  
  29  4:50  Zergling x2  
  29  4:51  Overlord x2  
  30  5:13  Zergling x4  
  30  5:14  Zergling x4  
  34  5:40  Drone x2  
  36  5:45  Roach x2  
  36  5:46  Roach  
  36  5:47  Roach x2  
  36  5:49  Drone  
  43  5:57  Drone  
  43  6:02  Ravager  
  43  6:03  Ravager  
  34  6:28  Zergling x8  
  34  6:29  Zergling x10  
  31  7:01  Queen  
  31  7:02  Drone x3  
  34  7:15  Zergling x4  
  34  7:16  Zergling x8  
  31  7:58  Zergling x6  
  34  8:02  Roach  
  34  8:03  Roach x4  
  44  8:24  Lair  
  44  8:27  Hatchery  
  44  8:28  Drone x2  
  44  8:29  Drone x2  
  47  8:43  Extractor  
  47  8:45  Evolution Chamber  
  45  8:51  Roach x3  
  45  8:54  Overlord x2  
  51  9:11  Zerg Missile Weapons Level 1  
  51  9:14  Roach x7  
  65  9:19  Overlord x2  
  65  9:26  Glial Reconstitution  
  65  9:47  Queen  
  65  9:48  Overlord  
  67  9:57  Roach x3  
  67  9:58  Roach  
  74  10:19  Drone x3  
  77  10:26  Roach  
  77  10:27  Roach x3  
  85  10:33  Drone  
  85  10:35  Drone  
  87  10:49  Drone x2  
  89  10:52  Overlord x2  
  89  11:05  Drone x3  
  92  11:26  Roach  
  92  11:27  Roach x4  
  92  11:28  Roach  
Tags
 
Add a new tag
Caveats
  • Supply blocks, unpowered buildings, or Contaminate may cause inaccurate times.
  • Supply counts are checked every 10 seconds.